Unix NetHack Version 5.0.0-0 post-release - last build May 17 2026 04:57:42 (dc50c8380fa5e20985bfe3072449f57b8d9895ef,branch:main).

Game began 2026-05-21 14:47:44, ended 2026-05-21 17:53:01.

Anarchos, lawful female dwarven Valkyrie

   ---------         -----
   |!y.f%!%|        #.....#                                      --------
   |y(.y.!.|      ###|...|##       ----------       --------     |......|
   |..@@[..|      #  |...|#########.........|       |.....`|     |......|
   ----|----      #  -----#        |..<.....|       |...^..|     |......|
       ye####     #                |........|      #......>|     |......|
            ##### #                |........|      #|......-#    |......|
        #       # #                |........|      #|......|#    |......|
        # ------.-#                |........|      #--------#    ------.-
        # |......|#       #        ---.--.-.-      #        #          #
        # |......|#                   ######       #       ##          #
       -.--.......#        #            #  ########        #          ##
       |......----         #   ########## ------.-##       #       ####
       |..(..(|                #          |......| #############   #
       |(.....|            # --|------    |.......#      #*#   ##  #
       --------              |.......|    |......|       #------|--.---
                             |(....>..##  --------       #|...........|
                             |.......|                   #|...........|
                             ---------                    -------------

Anarchos the Fighter        St:18/02 Dx:12 Co:16 In:7 Wi:10 Ch:11  Lawful
Dlvl:3  $:0  HP:0(55) Pw:11(11) AC:10 Xp:6 T:1584  Conf

Latest messages:
 You have a little trouble lifting G - a crystal plate mail (unpaid, 820 zorkmids).
 Your movements are slowed slightly because of your load.
 You drop a crystal plate mail (unpaid, 820 zorkmids).
 Your movements are now unencumbered.
 Your kitten eats an egg.
 You see here a rotted orcish bow (for sale, 60 zorkmids).
 You see here a scimitar (for sale, 15 zorkmids).
 You see here a scroll labeled ABRA KA DABRA (for sale, 80 zorkmids).
 The kitten picks up a scimitar.
 You see here a sky blue potion (for sale, 67 zorkmids).
 You see here a violet gem (for sale, 400 zorkmids).
 You see here a blindfold (for sale, 20 zorkmids).
 You see here a dark green potion (for sale, 100 zorkmids).
 The kitten drops a scimitar.
 The kitten picks up a scimitar.
 The kitten drops a scimitar.
 The kitten picks up a dark green potion.
 The kitten drops a dark green potion.
 y - a dark green potion (2 in total).
 What do you want to drink? [xyzD or ?*] y
 Huh, What?  Where am I?
 What do you want to read? [fhknovC or ?*] ?
 As you read the scroll, it disappears.
 Being confused, you mispronounce the magic words...
 Lights appear all around you!
 You miss Hebiwerie.
 Hebiwerie gets angry!
 Hebiwerie zaps an iridium wand!
 The wand misses you.
 Hebiwerie zaps an iridium wand!
 The wand hits you!
 The wand hits the yellow light!
 What do you want to read? [fhknovC or ?*] ?
 As you read the scroll, it disappears.
 Being confused, you mispronounce the magic words...
 Your dwarvish spear is covered by a shimmering golden shield!
 Call a scroll labeled KERNOD WEL: enchant armor
 Hebiwerie zaps a wand of striking!
 The wand hits you!
 What do you want to read? [fhnovC or ?*] ?
 As you read the scroll, it disappears.
 Being confused, you mispronounce the magic words...
 A map coalesces in your mind!
 Hebiwerie zaps a wand of striking!
 The wand hits you!
 Hebiwerie zaps a wand of striking!
 The wand hits you!
 You die...
 Hebiwerie takes all your possessions.
 Do you want to see what you had when you died? [ynq] (y) q

Inventory:
 Weapons  (')')
  b - a +0 dagger
  a - a rustproof +1 dwarvish spear (weapon in right hand)
  e - a blessed +1 orcish dagger
  s - a +0 orcish dagger
 Armor    ('[')
  j - a cursed -1 orcish helm (being worn)
 Comestibles  ('%')
  d - 9 uncursed food rations
  l - 2 uncursed lichen corpses
 Scrolls  ('?')
  C - an uncursed scroll of blank paper
  n - an uncursed scroll of charging
  v - 2 uncursed scrolls of identify
  f - an uncursed scroll of light
 Spellbooks  ('+')
  o - an uncursed spellbook of dig
 Potions  ('!')
  y - an uncursed potion of confusion
  z - an uncursed potion of extra healing
  D - an uncursed potion of gain energy
  x - an uncursed potion of healing
 Rings    ('=')
  q - a cursed ring of hunger
  p - an uncursed ring of see invisible (on left hand)
 Wands    ('/')
  m - a wand of polymorph (0:6)
  g - a wand of striking (0:5)
 Gems/Stones  ('*')
  F - an uncursed amber stone
  u - an uncursed aquamarine stone
  E - an uncursed worthless piece of black glass
  A - an uncursed worthless piece of green glass
  t - a cursed worthless piece of red glass

Anarchos the Valkyrie's attributes:

Background:
 You were a Fighter, a level 6 dwarven Valkyrie.
 You were lawful, nominally on a mission for Tyr
 who was opposed by Odin (neutral) and Loki (chaotic).
 You were right-handed.
 You were in the Dungeons of Doom, on level 3.
 You entered the dungeon 1584 turns ago.
 You had 436 experience points, 204 more were needed to attain level 7.

Basics:
 You had 0 out of 55 hit points.
 You had all 11 energy points (spell power).
 Your armor class was 10.
 Your wallet was empty.
 Autopickup was on, but temporarily disabled while inside the shop.

Final Characteristics:
 Your strength was 18/02 (limit:18/100).
 Your dexterity was 12 (limit:20).
 Your constitution was 16 (limit:20).
 Your intelligence was 7 (limit:16).
 Your wisdom was 10 (limit:16).
 Your charisma was 11 (limit:16).

Final Status:
 You were confused.
 You weren't hungry.
 You were unencumbered.
 You were wielding a spear.
 You had basic skill with spear.

Final Attributes:
 You were devoutly aligned.
 You were cold resistant.
 You saw invisible.
 You had infravision.
 You were stealthy.
 You are dead.

Miscellaneous:
 You didn't encounter any bones levels.
 Total elapsed playing time was 1 hour, 6 minutes and 32 seconds.

Major events:
 Turn
    1: Anarchos the lawful dwarven Valkyrie entered the dungeon
  843: attained the rank of Skirmisher (level 3)
 1162: attained the rank of Fighter (level 6)
 1584: killed by a wand

You didn't know any spells.

Skills:
 Fighting Skills
   bare handed combat [Unskilled]
   two weapon combat  [Unskilled]
   riding             [Unskilled]
 Weapon Skills
   dagger             [Basic]
   axe                [Unskilled]
   pick-axe           [Unskilled]
   short sword        [Unskilled]
   broadsword         [Unskilled]
   long sword         [Unskilled]
   two-handed sword   [Unskilled]
   saber              [Unskilled]
   hammer             [Unskilled]
   quarterstaff       [Unskilled]
   polearms           [Unskilled]
   spear              [Basic]
   trident            [Unskilled]
   lance              [Unskilled]
   sling              [Unskilled]
 Spellcasting Skills
   attack spells      [Unskilled]
   escape spells      [Unskilled]

Voluntary challenges:
 Character rerolling was not enabled.
 You were an atheist.
 You never genocided any monsters.
 You never polymorphed an object.
 You used no wishes.
Achievements:
 You attained the rank of Skirmisher.
 You attained the rank of Fighter.
 You entered a shop.

 The Dungeons of Doom: levels 1 to 3
    Level 1:
    Level 2:
    Level 3: <- You were here.
       A general store.
       Final resting place for
          you, killed by a wand.


Vanquished creatures:
  a large mimic
  9 small mimics
  2 shriekers
  a monkey
  a red mold
  a gnome zombie
  a gecko
  2 jackals
  a fox
  4 goblins
  3 lichens
  3 newts
29 creatures vanquished.

No species were genocided or became extinct.

Game over:
                       ----------
                      /          \
                     /    REST    \
                    /      IN      \
                   /     PEACE      \
                  /                  \
                  |     Anarchos     |
                  |       0 Au       |
                  | killed by a wand |
                  |                  |
                  |                  |
                  |                  |
                  |       2026       |
                 *|     *  *  *      | *
        _________)/\\_//(\/(/\)/\//\/|_)_______

Farvel Anarchos the Valkyrie...

You died in The Dungeons of Doom on dungeon level 3 with 1874 points,
and 0 pieces of gold, after 1584 moves.
You were level 6 with a maximum of 55 hit points when you died.

